 Dungeon Crawl Stone Soup version 0.27-a0-242-ge0fc76b88b (webtiles) character file.

Game seed: 13753816010377761049

1063 Borgoz the Slasher (level 8, -6/68 HPs)
             Began as a Ghoul Gladiator on Feb 2, 2021.
             Was an Initiate of Ashenzari.
             Killed from afar by Dowan (18 damage)
             ... with a shard of ice
             ... on level 6 of the Dungeon.
             The game lasted 00:07:07 (4684 turns).

Borgoz the Slasher (Ghoul Gladiator)                Turns: 4684, Time: 00:07:08

Health: -6/68      AC:  9    Str: 18    XL:     8   Next: 27%
Magic:  7/7        EV: 13    Int:  3    God:    Ashenzari [......]
Gold:   154        SH:  0    Dex: 12    Spells: 7/7 levels left

rFire    . . .     SeeInvis .   b - +1 dagger (venom)
rCold    + . .     Faith    .   (no shield)
rNeg     + + +     Spirit   .   k - +0 leather armour
rPois    ∞         Reflect  .   c - +0 helmet
rElec    .         Harm     .   (no cloak)
rCorr    .         Rampage  .   (no gloves)
Will     .....                  g - +0 pair of boots
Stlth    +.........             e - amulet of regeneration
HPRegen  0.00/turn              l - +4 ring of protection
MPRegen  0.10/turn              (no ring)

@: glowing
A: claws 1, cold resistance 1, negative energy resistance 3, inhibited
regeneration, torment resistance, unbreathing
a: Renounce Religion, Curse Item


You were on level 6 of the Dungeon.
You worshipped Ashenzari.
Ashenzari was noncommittal.
You visited 2 branches of the dungeon, and saw 7 of its levels.

You collected 154 gold pieces.

Inventory:

Hand Weapons
 a - a +0 long sword
 b - a +1 dagger of venom (weapon)
Missiles
 d - a throwing net (quivered)
Armour
 c - a +0 helmet (worn)
 g - a +0 pair of boots (worn)
 k - a +0 leather armour (worn)
Jewellery
 e - an amulet of regeneration (around neck)
 l - a +4 ring of protection (left claw)
 s - an uncursed amulet of faith
Wands
 h - a wand of flame (20)
 v - a wand of charming (8)
Scrolls
 f - 2 scrolls of enchant armour
 m - 2 scrolls of remove curse
 n - 2 scrolls of blinking
 q - 4 scrolls of teleportation
 r - a scroll of summoning {unknown}
Potions
 i - a potion of haste
 j - a potion of cancellation
 o - a potion of magic
 p - 2 potions of brilliance
 t - a potion of might {unknown}
 u - a potion of invisibility
 w - a potion of resistance {unknown}
 x - 2 potions of attraction {unknown}


   Skills:
 + Level 5.0 Fighting
 * Level 6.0 Long Blades
 - Level 1.7 Throwing
 + Level 3.6 Armour
 + Level 4.6 Dodging


You had 7 spell levels left.
You didn't know any spells.
Your spell library was empty.

Dungeon Overview and Level Annotations

Branches:
Dungeon (6/15)             Temple (1/1) D:5

Altars:
Ashenzari
Dithmenos
Elyvilon
Fedhas
Gozag
Hepliaklqana
Kikubaaqudgha
Makhleb
Nemelex Xobeh
Okawaru
Sif Muna
Trog
Wu Jian
Xom
Yredelemnul
Zin
The Shining One

Shops:
D:4 (

Portals:
Ossuary: D:6

Annotations:
D:6 Dowan


Innate Abilities, Weirdness & Mutations

You thrive by killing the living.
You are immune to poison.
You have sharp fingernails.
Your flesh is cold resistant. (rC+)
You are immune to negative energy. (rN+++)
You do not regenerate when monsters are visible.
You are immune to unholy pain and torment.
You can survive without breathing.


Message History

You hear the slow hiss of a distant avalanche of sand.
Dowan closely misses you. Dowan hits you but does no damage.
You hit Dowan.
Dowan looks as sick as possible!
Dowan is moderately wounded.
Dowan hits you but does no damage.
You completely miss Dowan.
Dowan is moderately wounded.
Dowan misses you.
You hit Dowan.
Dowan looks as sick as possible!
Dowan is severely wounded.
Dowan gestures at you while chanting. The shard of ice hits you!
You partially resist.
* * * LOW HITPOINT WARNING * * *
You closely miss Dowan.
Dowan is severely wounded.
Dowan hits you with a +0 dagger.
* * * LOW HITPOINT WARNING * * *
Dowan gestures at you while chanting. The shard of ice hits you!!
You partially resist.
You die...

#...# #.# #...# #####.###
#...######.......#
#####...##......##.#.#
................##.#.###..
..........................
................#.##.###..
####.....#)###..#.##.#
#.....#@e.........# ###
#.....########.#......#
#.....# #(#.####.# #.....#
#.....##.# ##?..##
###.#.##.# .... #......##
###.###). .#########.###.#
...............#


You could see Dowan (fast, extremely poisoned).

Vanquished Creatures
  A hornet (D:6)
  Grinder (D:5)
  Menkaure (D:5)
  Duvessa (D:6)
  An ice beast (D:5)
  A hound (D:4)
  2 orc priests
  An iguana (D:5)
  Ijyb (D:4)
  Terence (D:2)
  An orc wizard (D:3)
  2 worker ants
  2 adders (D:3)
  2 shadow imps (D:5)
  A worm (D:5)
  2 leopard geckos
  11 orcs
  5 giant cockroaches
  9 hobgoblins
  8 jackals (D:5)
  A quokka (D:5)
  5 bats
  2 frilled lizards
  11 goblins
  3 kobolds
  A leopard gecko skeleton (D:4)
  4 rats
81 creatures vanquished.

Notes
Turn   | Place    | Note
-------+----------+-------------------------------------------
     0 | D:1      | Borgoz the Ghoul Gladiator began the quest for the Orb.
     0 | D:1      | Reached XP level 1. HP: 17/17 MP: 0/0
   255 | D:1      | Reached XP level 2. HP: 23/25 MP: 1/1
   403 | D:1      | Reached skill level 3 in Long Blades
  1229 | D:2      | Noticed Terence
  1254 | D:2      | Killed Terence
  1255 | D:2      | Reached skill level 1 in Armour
  1255 | D:2      | Reached XP level 3. HP: 13/30 MP: 2/2
  1910 | D:2      | Found a glowing silver altar of Zin.
  2115 | D:3      | Reached XP level 4. HP: 34/37 MP: 3/3
  2283 | D:3      | Found a white marble altar of Elyvilon.
  2415 | D:3      | Found a broken altar of Ashenzari.
  2427 | D:3      | Became a worshipper of Ashenzari the Shackled
  2463 | D:3      | Found a faded altar of an unknown god.
  2530 | D:3      | Reached XP level 5. HP: 21/45 MP: 4/4
  3195 | D:4      | Reached skill level 4 in Long Blades
  3238 | D:4      | Noticed Ijyb
  3257 | D:4      | Killed Ijyb
  3304 | D:5      | Entered Level 5 of the Dungeon
  3323 | D:4      | Reached XP level 6. HP: 37/51 MP: 5/5
  3620 | D:4      | Found a shimmering altar of Xom.
  3784 | D:4      | Found Esol's Antique Weapon Shop.
  3928 | D:5      | Found a blossoming altar of Fedhas.
  4029 | D:5      | Found an ancient bone altar of Kikubaaqudgha.
  4050 | D:5      | Found a staircase to the Ecumenical Temple.
  4061 | D:5      | Noticed Menkaure
  4066 | D:5      | Killed Menkaure
  4079 | D:5      | Noticed an ice beast
  4082 | Temple   | Entered the Ecumenical Temple
  4180 | D:5      | Killed an ice beast
  4181 | D:5      | Reached skill level 5 in Long Blades
  4181 | D:5      | Reached XP level 7. HP: 46/59 MP: 6/6
  4251 | D:5      | Noticed Grinder
  4266 | D:5      | Paralysed by Grinder for 4 turns
  4285 | D:5      | Killed Grinder
  4575 | D:6      | Noticed a hornet
  4587 | D:6      | Killed a hornet
  4588 | D:6      | Reached XP level 8. HP: 16/67 MP: 7/7
  4607 | D:6      | Found a sand-covered staircase.
  4653 | D:6      | Noticed Duvessa
  4653 | D:6      | Noticed Dowan
  4677 | D:6      | Killed Duvessa
  4678 | D:6      | Reached skill level 5 in Fighting
  4678 | D:6      | Reached skill level 6 in Long Blades
  4684 | D:6      | Killed from afar by Dowan

Illustrated notes

Levels and vault maps discovered:
D:1:      nicolae_arrival_washed_ashore, layout_basic, lemuel_old_faithful
D:2:      layout_loops_corners, zin_scriptorium, uniq_terence
D:3:      layout_basic, lemuel_crystal_altar, evilmike_ruin_ashenzari,
          chequers_ecumenical_altar_simple_redux
D:4:      kennysheep_the_goblin_king, layout_cave_pools, serial_shops, shop,
          lemuel_tele_altar
D:5:      layout_rooms, old_standard_altar, minmay_temple_entry_junction,
          fedhas_ov_isle_minmay, uniq_grinder, uniq_menkaure
D:6:      layout_loops_cross, chequers_ossuary_entry_cave, uniq_sigmund,
          uniq_duvessa
Temple:   nicolae_temple_god_jail

Skill      XL: |  1  2  3  4  5  6  7  8 |
---------------+-------------------------+-----
Long Blades    | 3 4 5 6 |  6.0
Armour         | 1 2 3 |  3.6
Dodging        | 3 4 |  4.6
Fighting       | 3 4 5 |  5.0
Throwing       | |  1.7

Action                   |  1- 3 |  4- 6 |  7- 9 || total
-------------------------+-------+-------+-------++-------
Melee: Long sword        |    58 |   167 |    43 ||   268
       Dagger            |    53 |       |    31 ||    84
Throw: Throwing net      |     2 |     1 |       ||     3
  Use: Potion            |       |     3 |     1 ||     4
       Scroll            |       |     7 |     2 ||     9
 Stab: Held in net/web   |     1 |       |       ||     1
Armor: Leather armour    |    38 |    56 |    14 ||   108
Dodge: Dodged            |    80 |   142 |    38 ||   260
       Rpst.: Long sword |    17 |    49 |    11 ||    77

Table legend: (Time is in decaauts)
 A = Elapsed time spent in this place.
 B = Non-inter-level travel time spent in this place.
 C = Inter-level travel time spent in this place.
 D = Time resting spent in this place.
 E = Time spent auto-exploring this place.
 F = Levels seen in this place.
 G = Mean time per level.
                   A        B        C        D        E       F      G
               +--------+--------+--------+--------+--------+-----+--------+
         Total |   4708 |   4540 |    168 |    484 |   3189 |   7 |  672.6 |
       Dungeon |   4628 |   4474 |    154 |    484 |   3124 |   6 |  771.3 |
        Temple |     79 |     65 |     14 |      0 |     65 |   1 |   79.0 |
               +--------+--------+--------+--------+--------+-----+--------+

Top non-repeatable levels by time:
     D:3: 1081 daAuts
     D:2: 1078 daAuts
     D:1: 1011 daAuts
     D:4: 721 daAuts
     D:5: 582 daAuts
     D:6: 153 daAuts
  Temple: 79 daAuts
